Map: Galaktischer Prozess LE

Players

Sam

  • Race: Zerg Zerg
  • League: Diamond

thessj - Winner!

  • Race: Protoss Protoss
  • League: Diamond

VOD

Have the link to the VOD?

Description

Time

  • Played on: Aug. 1, 2016, 12:42 p.m.
  • Length: 7:59
Show
View Real Time Build Order
Export as new Build Order

Sam Zerg 

Build Orders: Hatch First 

Get SALT Encoding   

  12  0:02  Drone  
  13  0:13  Overlord  
  13  0:17  Drone  
  14  0:31  Drone  
  14  0:32  Drone  
  14  0:35  Drone  
  17  0:56  Hatchery  
  16  0:59  Drone  
  17  1:16  Spawning Pool  
  17  1:17  Extractor  
  15  1:19  Drone  
  15  1:22  Drone  
  17  1:44  Drone  
  17  1:45  Drone  
  19  1:54  Hatchery  
  19  1:57  Drone  
  19  2:04  Overlord  
  19  2:07  Drone  
  20  2:14  Drone  
  21  2:17  Drone  
  21  2:21  Zergling x2  
  23  2:28  Zergling x2  
  24  2:31  Drone  
  24  2:34  Metabolic Boost  
  25  2:38  Drone  
  25  2:44  Drone  
  27  2:45  Queen  
  30  2:51  Drone  
  30  2:54  Queen  
  32  3:00  Overlord  
  32  3:03  Drone  
  32  3:05  Drone  
  34  3:08  Drone  
  35  3:13  Queen  
  36  3:26  Drone x5  
  41  3:27  Drone  
  41  3:33  Zergling x2  
  43  3:36  Zergling x2  
  44  3:42  Roach Warren  
  44  3:43  Extractor  
  44  3:47  Zergling x6  
  45  3:50  Extractor  
  44  4:03  Drone x6  
  44  4:05  Overlord x2  
  50  4:15  Extractor  
  50  4:16  Drone  
  50  4:23  Roach  
  52  4:25  Roach x6  
  63  4:37  Pneumatized Carapace  
  62  4:45  Evolution Chamber, Drone x5  
  66  5:02  Overlord x3  
  66  5:15  Zerg Missile Weapons Level 1  
  66  5:18  Evolution Chamber  
  66  5:19  Overlord  
  66  5:20  Overlord x2  
  65  5:28  Roach x5  
  73  5:29  Roach x2  
  77  5:45  Zerg Ground Armor Level 1  
  66  6:10  Drone x15  
  66  6:11  Drone  
  78  6:30  Lair  
  78  6:31  Drone x4  
  78  6:32  Drone  
  83  6:45  Drone x7  
  90  6:52  Drone x4  
  94  7:07  Extractor  
  93  7:08  Extractor  
  93  7:11  Hatchery  
  93  7:14  Drone x4  
  95  7:19  Drone x2  
  97  7:37  Hydralisk Den  
  97  7:39  Overseer  
Show
View Real Time Build Order
Export as new Build Order

thessj Protoss - Winner!

Build Orders: 1 Gate Expand, Dark Templar Rush 

Get SALT Encoding   

  12  0:01  Probe (Chrono Boost)  
  13  0:11  Probe (Chrono Boost)  
  14  0:21  Pylon  
  14  0:32  Probe (Chrono Boost)  
  15  0:42  Probe (Chrono Boost)  
  16  0:46  Gateway  
  16  0:51  Assimilator  
  16  0:53  Probe (Chrono Boost)  
  17  1:03  Probe (Chrono Boost)  
  18  1:14  Probe (Chrono Boost)  
  19  1:29  Nexus  
  19  1:40  Cybernetics Core  
  19  1:42  Probe (Chrono Boost)  
  20  1:54  Assimilator  
  20  1:55  Probe (Chrono Boost)  
  21  2:06  Probe (Chrono Boost)  
  22  2:13  Pylon  
  22  2:17  Warp Gate  
  22  2:19  Probe (Chrono Boost)  
  23  2:28  Adept  
  23  2:32  Probe (Chrono Boost)  
  27  2:44  Probe x2 (Chrono Boost)  
  28  2:52  Twilight Council  
  28  2:53  Gateway  
  28  2:55  Probe (Chrono Boost)  
  28  2:56  Probe (Chrono Boost)  
  28  2:58  Adept  
  32  3:06  Probe (Chrono Boost)  
  32  3:12  Pylon  
  34  3:14  Probe (Chrono Boost)  
  34  3:17  Probe (Chrono Boost)  
  35  3:26  Probe (Chrono Boost)  
  36  3:27  Probe (Chrono Boost)  
  36  3:31  Resonating Glaives  
  37  3:38  Probe x2 (Chrono Boost)  
  37  3:39  Adept  
  41  3:48  Robotics Facility  
  41  3:49  Probe (Chrono Boost)  
  41  3:50  Probe (Chrono Boost)  
  41  3:53  Dark Shrine  
  43  4:00  Probe (Chrono Boost)  
  45  4:02  Probe (Chrono Boost)  
  45  4:10  Gateway  
  45  4:12  Probe (Chrono Boost)  
  45  4:13  Pylon  
  45  4:15  Probe (Chrono Boost)  
  47  4:18  Assimilator  
  47  4:20  Assimilator  
  49  4:26  Mothership Core (Chrono Boost)  
  49  4:27  Probe (Chrono Boost)  
  50  4:35  Sentry  
  52  4:40  Adept  
  54  4:51  Pylon  
  56  4:53  Probe x2 (Chrono Boost)  
  56  4:55  Warp Prism  
  56  4:57  Nexus  
  58  5:00  Adept  
  58  5:02  Adept  
  62  5:11  Probe x2 (Chrono Boost)  
  64  5:23  Probe x2 (Chrono Boost)  
  68  5:35  Probe x2 (Chrono Boost)  
  68  5:47  Probe x2 (Chrono Boost)  
  68  6:00  Probe x2 (Chrono Boost)  
  70  6:11  Immortal, Pylon  
  70  6:12  Probe x2 (Chrono Boost)  
  70  6:13  Pylon  
  70  6:17  Pylon  
  66  6:19  Pylon  
  66  6:20  Pylon  
  66  6:24  Probe x2 (Chrono Boost)  
  68  6:36  Probe x2 (Chrono Boost)  
  70  6:43  Gateway  
  70  6:45  Gateway  
  70  6:48  Gateway  
  70  6:50  Gateway  
  70  6:51  Sentry x2  
  70  6:52  Gateway  
  70  6:53  Immortal  
  70  6:54  Gateway x2  
  79  6:55  Probe (Chrono Boost)  
  79  6:56  Probe (Chrono Boost)  
  79  6:58  Pylon  
  79  7:01  Gateway  
  80  7:05  Gateway  
  80  7:14  Dark Templar  
  80  7:15  Dark Templar x2  
  86  7:21  Assimilator  
  86  7:25  Assimilator  
  86  7:46  Dark Templar  
  86  7:47  Adept  
  86  7:48  Adept  
Tags
 
Add a new tag
Caveats
  • Supply blocks, unpowered buildings, or Contaminate may cause inaccurate times.
  • Supply counts are checked every 10 seconds.